 Dungeon Crawl Stone Soup version 0.21.1-1-g345015f (webtiles) character file.

237 iamserjio the Sneak (level 6, -3/44 HPs)
             Began as an Octopode Monk on Apr 6, 2018.
             Killed by nerve-wracking pain
             ... invoked by Grinder
              (7 damage)
             ... on level 3 of the Dungeon.
             The game lasted 00:12:00 (2613 turns).

iamserjio the Sneak (Octopode Monk)                 Turns: 2613, Time: 00:12:00

Health: -3/44      AC:  1    Str: 10    XL:     6   Next: 6%
Magic:  6/6        EV: 16    Int: 13    God:
Gold:   148        SH:  0    Dex: 16    Spells: 5/5 levels left

rFire    . . .     SeeInvis .   a - +0 short sword
rCold    . . .     Gourm    .   (no shield)
rNeg     . . .     Faith    .   (helmet restricted)
rPois    .         Spirit   .   (no amulet)
rElec    .         Reflect  .   (no ring)
rCorr    .         Harm     .   (no ring)
MR       .....                  (no ring)
Stlth    ++++......             (no ring)
HPRegen  0.14/turn              (no ring)
MPRegen  0.10/turn              (no ring)
                                (no ring)
                                (no ring)

@: no status effects
A: almost no armour, stealthy swim, amphibious, 8 rings, constrict 8, camouflage
1, gelatinous body 1
a: no special abilities


You were on level 3 of the Dungeon.
You were not hungry.

You visited 1 branch of the dungeon, and saw 4 of its levels.

You collected 148 gold pieces.

Inventory:

Hand Weapons
 a - a +0 short sword (weapon)
 g - a cursed -2 whip
 i - a +3 whip
 u - a +1 dagger of electrocution
 v - the +5 quarterstaff "Poitotebo" {drain, Dex+6, unknown}
   (You found it on level 4 of the Dungeon)

   A truly terrible weapon, it drains the life of those it strikes.
   It affects your dexterity (+6).
Missiles
 j - 88 stones (quivered)
 p - 15 sling bullets
Armour
 k - a +0 shield
Wands
 t - a wand of enslavement (10)
Scrolls
 c - 3 scrolls of amnesia {unknown}
 d - a scroll of teleportation {unknown}
 e - 5 scrolls of remove curse {unknown}
 f - a scroll of enchant weapon {unknown}
 h - 4 scrolls of identify {unknown}
 r - a scroll of noise {unknown}
Potions
 l - 2 potions of might {unknown}
 n - 3 potions of heal wounds {unknown}
 o - a potion of berserk rage {unknown}
 q - a potion of agility {unknown}
 s - a potion of brilliance {unknown}
Comestibles
 b - 9 rations
 m - 3 chunks of flesh


   Skills:
 + Level 4.5 Fighting
 - Level 3.0 Short Blades
 + Level 4.4 Dodging
 + Level 5.5 Stealth


You had 5 spell levels left.
You didn't know any spells.

Dungeon Overview and Level Annotations

Branches:
Dungeon (4/15)
 Temple: D:4-7

Altars:
Wu Jian

Annotations:
D:3 Grinder


Innate Abilities, Weirdness & Mutations

You cannot wear most types of armour.
You are very stealthy in the water. (Stealth+)
You are amphibious.
You can wear up to eight rings at the same time.
You can use your tentacles to constrict eight enemies at once.
Your skin changes colour to match your surroundings (Stealth+).
Your rubbery body absorbs attacks. (AC +1, EV +1)


Message History

* * * LOW HITPOINT WARNING * * *
You hit Grinder. Your grab misses Grinder.
Grinder is severely wounded.
Grinder hits you.
* * * LOW HITPOINT WARNING * * *
You barely miss Grinder. Your grab misses Grinder. Your squeeze misses Grinder.
Grinder is severely wounded.
Grinder gestures at you. Pain shoots through your body!
* * * LOW HITPOINT WARNING * * *
You hit Grinder but do no damage. You grab Grinder. You squeeze Grinder.
Grinder is severely wounded.
You constrict Grinder.
Grinder struggles to blink free from constriction.
You hit Grinder but do no damage. You squeeze Grinder.
Grinder is almost dead.
You constrict Grinder. Grinder gestures at you. Pain shoots through your body!
You die...

.....#.######.##
#.#.#.#.......# #
#.........##..# #.
###.#.#.#.##..# #.
#.#.#.#.##..#
##.#####.#.#.#..#..#
##........#.........#
##.....#######.##.##.#
#.....@.# ##.......#
#.....5...####...#.####
+.........+........#
#.........####...#.#
##.......## ##.##.#
##.....## ## #.#
##...## #.# ##+# ####.#
#....#


You could see Grinder.

Vanquished Creatures
  A howler monkey (D:4)
  An orc priest (D:3)
  Jessica (D:2)
  Terence (D:3)
  A worker ant (D:4)
  An adder (D:4)
  2 oozes
  A worm (D:4)
  3 dart slugs
  16 orcs
  2 bats (D:2)
  2 giant cockroaches
  A goblin (D:1)
  5 hobgoblins
  2 jackals (D:4)
  A quokka (D:4)
  A ball python (D:4)
  A frilled lizard (D:1)
  A jackal skeleton (D:4)
  6 kobolds
  A leopard gecko skeleton (D:4)
  11 rats
62 creatures vanquished.

Notes
Turn   | Place    | Note
-------+----------+-------------------------------------------
     0 | D:1      | iamserjio the Octopode Monk began the quest for the Orb.
     0 | D:1      | Reached XP level 1. HP: 16/16 MP: 1/1
   200 | D:1      | Reached skill level 3 in Stealth
   200 | D:1      | Reached XP level 2. HP: 19/21 MP: 2/2
   421 | D:1      | Reached XP level 3. HP: 26/26 MP: 3/3
  1067 | D:2      | Noticed Jessica
  1080 | D:2      | Killed Jessica
  1080 | D:2      | Reached skill level 4 in Stealth
  1080 | D:2      | Reached XP level 4. HP: 31/33 MP: 4/4
  1846 | D:4      | Found an ornate altar of the Wu Jian Council.
  1863 | D:4      | Reached XP level 5. HP: 37/37 MP: 5/5
  1891 | D:4      | Reached skill level 5 in Stealth
  1918 | D:4      | Got a polished quarterstaff
  2362 | D:3      | Noticed Terence
  2378 | D:3      | Killed Terence
  2378 | D:3      | Reached XP level 6. HP: 30/44 MP: 6/6
  2601 | D:3      | Noticed Grinder
  2604 | D:3      | Paralysed by Grinder for 5 turns
  2613 | D:3      | Killed from afar by Grinder

Skill      XL: |  1  2  3  4  5 |
---------------+----------------+-----
Stealth        | 3 4 5 |  5.5
Fighting       | 4 |  4.5
Dodging        | 4 |  4.4
Short Blades   | |  3.0

Action                   |  1- 3 |  4- 6 || total
-------------------------+-------+-------++-------
Melee: Short sword       |    46 |    86 ||   132
       Constrict         |    12 |    24 ||    36
       Tentacles         |     9 |    23 ||    32
 Stab: Sleeping          |    13 |     9 ||    22
  Eat: Chunk             |       |     5 ||     5
Armor: Skin              |       |     2 ||     2
Dodge: Dodged            |    19 |    52 ||    71
